 Dungeon Crawl Stone Soup version 0.32-a0-120-gfac0567ad4 (webtiles) character file.

Game seed: 6840126947586737413

44 zeratav the Trooper (level 3, -1/39 HPs)
             Began as an Oni Warper on Feb 6, 2024.
             Hit by a javelin thrown by a hobgoblin (8 damage)
             ... on level 2 of the Dungeon.
             The game lasted 00:02:00 (1031 turns).

zeratav the Trooper (Oni Warper)                    Turns: 1031, Time: 00:02:01

Health: -1/39      AC:  3    Str: 17    XL:     3   Next: 62%
Magic:  5/6        EV:  9    Int: 14    God:
Gold:   40         SH:  0    Dex:  8    Spells: 4/6 levels left

rFire   + . .        a - +0 mace {mace}
rCold   . . .        (no shield)
rNeg    . . .        i - +0 robe {rF+}
rPois   .            (helmet restricted)
rElec   .            (no cloak)
rCorr   .            (gloves unavailable)
SInv    .            (boots unavailable)
Will    .....        (no amulet)
Stlth   +            (no ring)
HPRegen 0.26/turn    (no ring)
MPRegen 0.10/turn

%: no passive effects
@: no status effects
A: large, unfitting armour, horns 1, tough skin 1, double potion healing,
drunken brawling
a: no special abilities


You were on level 2 of the Dungeon.
You visited 1 branch of the dungeon, and saw 2 of its levels.

You collected 40 gold pieces.


Innate Abilities, Weirdness & Mutations

You are too large for most types of armour.
You have a pair of small horns on your head.
You have tough skin. (AC +1)
You gain doubled healing and magic from potions.
Whenever you drink a healing potion, you attack all around you.


   Skills:
 + Level 4.1 Fighting
 + Level 3.0 Maces & Flails
 - Level 1.0 Throwing
 - Level 2.1 Dodging
 - Level 2.4 Spellcasting
 - Level 2.6 Translocations


You had 4 spell levels left.
You knew the following spells:

 Your Spells              Type           Power      Damage    Failure   Level
a - Blink                 Tloc           18%        N/A       12%         2

Your spell library contained the following spells:

 Spells                   Type           Power      Damage    Failure   Level
 Lesser Beckoning         Tloc           18%        N/A       12%         2
 Summon Small Mammal      Summ           4%         N/A       22%         1
 Teleport Other           Tloc           9%         N/A       22%         3
 Call Canine Familiar     Summ           1%         N/A       56%         3
 Manifold Assault         Tloc           9%         N/A       58%         4
 Vhi's Electric Charge    Tloc/Air       10%        N/A       78%         4
 Summon Blazeheart Golem  Fire/Summ      1%         N/A       92%         4

Inventory:

Hand Weapons
 a - a +0 mace (weapon) {mace}
Missiles
 d - 7 darts of dispersal (quivered) {=fthrowing}
 g - 5 large rocks {=fthrowing}
Armour
 b - a +0 robe
 i - a +0 robe of fire resistance (worn)
   (You found it on level 2 of the Dungeon)
Jewellery
 h - a ring of positive energy
   (You found it on level 2 of the Dungeon)
 j - a ring of ice
   (You found it on level 2 of the Dungeon)
Scrolls
 c - a scroll of blinking {!r}
 e - 2 scrolls of teleportation {unknown}
 f - 2 scrolls of identify {unknown}
 k - a scroll of immolation {unknown}

Dungeon Overview and Level Annotations

Branches:
Dungeon (2/15) Zot: 10948

Altars:

Annotations:
D:2 Robin

#.#.# ###.#.## .## #
#...... . ...
#..######.#.#.# .#
.............#.###..
#. .. #.)...g.......
#.
#.#.###.##.#g...##.
## ......#.##.#:...#
#...##.#..@.#
##..##.#.......... .
#...g.#....###.#.#
.. .
#....#########.#.##
.. .
#g........#.......
..#.## .. #....##
.#.##.#.. .......
...#........
.....#.##...#... ..
#....##.#
#.##.#......#.##
g.#g#........
#.##.#.#...<..##


You could see a hobgoblin and a goblin.


Message History

The hobgoblin attacks as it pursues you!
The hobgoblin hits you.
HP[-2]
You take 2 damage, and now have 37/39 hp.
The hobgoblin attacks as it pursues you!
The hobgoblin hits you.
You hit the hobgoblin.
You kill the hobgoblin!
You see here a hobgoblin corpse.
HP[+1] Robin shouts!
You hear a shout! x3
The goblin attacks as it pursues you! The goblin hits you with a +0 dagger.
You hear a shout!
HP[-3]
You take 3 damage, and now have 35/39 hp.
An orc priest comes into view. It is wielding a +0 hand axe.
A goblin comes into view. It is wielding a +0 club. x2
Robin roars a battlecry!
The goblins go into a battle-frenzy!
The orc priest moves out of view.
You barely miss Robin. Your headbutt misses Robin.
Robin roars a battlecry!
The goblin goes into a battle-frenzy!
The goblin hits you with a +0 dagger.
HP[-1]
You take 1 damage, and now have 34/39 hp.
You hit Robin.
An orc comes into view. It is wielding a +0 hand axe.
Robin roars a battlecry!
The goblin goes into a battle-frenzy!
The goblin barely misses you. Robin hits you with a +0 falchion.
The orc moves out of view.
HP[-5]
You take 5 damage, and now have 29/39 hp.
You barely miss Robin. You headbutt Robin!
The goblin hits you but does no damage.
A goblin comes into view. It is wielding a +0 dagger.
The goblin hits you with a +0 dagger.
HP[-2]
You take 2 damage, and now have 27/39 hp.
You barely miss Robin. The goblin hits you with a +0 club.
A goblin comes into view. It is wielding a +0 dagger.
The orc priest begins to cast a cantrip, but forgets the words!
Robin hits you with a +0 falchion. The goblin hits you with a +0 dagger.
HP[-5]
You take 5 damage, and now have 22/39 hp.
You barely miss Robin. The goblin hits you but does no damage.
Robin hits you but does no damage. The goblin closely misses you.
HP[+1]
You hit Robin. The goblin barely misses you. Robin hits you with a +0 falchion.
* * * LOW HITPOINT WARNING * * *
The goblin hits you but does no damage.
HP[-4]
You take 4 damage, and now have 19/39 hp.
You closely miss Robin. You headbutt Robin. The goblin hits you with a +0 club.
* * * LOW HITPOINT WARNING * * *
Robin hits you with a +0 falchion.
* * * LOW HITPOINT WARNING * * *
The goblin barely misses you. The goblin hits you with a +0 club.
* * * LOW HITPOINT WARNING * * *
Robin hits you with a +0 falchion.
* * * LOW HITPOINT WARNING * * *
The goblin closely misses you.
HP[-16]
You take 16 damage, and now have 3/39 hp.
MASSIVE DAMAGE!! (PAUSE) Blink to where?
Press: ? - help, Dir - move target
As you read the scroll of blinking {!r}, it crumbles to dust.
Robin throws the goblin at you!
HP[+1]
Casting: Blink (safe; 12% risk of failure)
Confirm with . or Enter, or press ? or * to list all spells.
You blink.
MP[-2]
You lost 2 mp, and now have 4/6 mp.
A kobold comes into view. It is wielding a +0 dagger.
The kobold shouts!
The goblin no longer looks unusually strong.
HP[+1]
Casting: Blink (safe; 12% risk of failure)
Confirm with . or Enter, or press ? or * to list all spells.
You are still too unstable to blink.
Unknown command.
Unknown command.
You aren't carrying any potions.
Okay, then.
You hit the kobold.
You kill the kobold!
A hobgoblin comes into view.
Things that are here:
a +0 dagger {short}; a kobold corpse You feel ready to blink again.
The hobgoblin throws a javelin.
The javelin closely misses you.
HP[+1]
You see here a book of Weapons.
MP[+1] HP[+1]
The hobgoblin throws a javelin.
The javelin pierces through you!
You die...

Skill      XL: |  1  2  3 |
---------------+----------+-----
Fighting       | 3 4 |  4.1
Maces & Flails | 3 |  3.0
Throwing       | |  1.0
Dodging        | |  2.1
Spellcasting   | |  2.4
Translocations | |  2.6

Action                     || total
---------------------------++-------
  Melee: Mace              ||    72
         Punch             ||     2
         Headbutt          ||     8
   Cast: Blink             ||     1
    Use: Scroll            ||     1
 Armour: Robe              ||    63
  Dodge: Dodged            ||    33

Levels and vault maps discovered:
D:1:      saegor_arrival_simple_d, layout_basic, serial_bayou,
          serial_bayou_lagoon_a, serial_bayou_crossing, serial_bayou_pond_b,
          serial_bayou_shore_a, hex_medium
D:2:      cheibrodos_pilgrimage, layout_basic,
          hellmonk_ecumenical_altar_crossroads, uniq_robin, uniq_natasha

Notes
Turn   | Place    | Note
-------+----------+-------------------------------------------
     0 | D:1      | zeratav the Oni Warper began the quest for the Orb.
     0 | D:1      | Reached XP level 1. HP: 22/22 MP: 3/3
     0 | D:1      | magus.rc [v1.9.6]
    58 | D:1      | Reached skill level 3 in Fighting
   148 | D:1      | Reached XP level 2. HP: 31/31 MP: 5/5
   495 | D:1      | Learned a level 2 spell: Blink
   775 | D:2      | Reached XP level 3. HP: 39/39 MP: 6/6
   868 | D:2      | You pick up a book of Callings and begin reading...
   868 | D:2      | You add the spells Summon Small Mammal, Call Canine
                  | Familiar and Summon Blazeheart Golem to your library.
   908 | D:2      | Found a faded altar of an unknown god.
   962 | D:2      | Reached skill level 4 in Fighting
   962 | D:2      | Reached skill level 3 in Maces & Flails
   993 | D:2      | Noticed Robin
  1018 | D:2      | HP: 6/39 [goblin/+0 club[Robin] (6)]
  1031 | D:2      | Hit by a javelin thrown by a hobgoblin

Vanquished Creatures
  2 adders (D:2)
  3 bats
  4 endoplasms (D:1)
  A giant cockroach (D:1)
  2 goblins
  5 hobgoblins
  5 frilled lizards
  A kobold (D:2)
  4 rats
27 creatures vanquished.

Table legend:
 A = Non-vault XP
 B = Vault XP
 C = Vault XP percentage of total XP
 D = Non-vault monster count
 E = Vault monster count
 F = Vault count percentage of total count
                 A         B        C        D         E       F
            +---------+---------+-------+---------+---------+-------
      Total |      54 |      10 |  15.6 |      21 |       6 |  22.2
            +---------+---------+-------+---------+---------+-------
        D:1 |      17 |       8 |  32.0 |      10 |       5 |  33.3
        D:2 |      37 |       2 |   5.1 |      11 |       1 |   8.3
            +---------+---------+-------+---------+---------+-------

Skill      XL: |  1  2  3 |
---------------+----------+-----
Fighting       | 3 4 |  4.1
Maces & Flails | 3 |  3.0
Throwing       | |  1.0
Dodging        | |  2.1
Spellcasting   | |  2.4
Translocations | |  2.6

Action                     || total
---------------------------++-------
  Melee: Mace              ||    72
         Punch             ||     2
         Headbutt          ||     8
   Cast: Blink             ||     1
    Use: Scroll            ||     1
 Armour: Robe              ||    63
  Dodge: Dodged            ||    33

Illustrated notes

Table legend:
 A = Kills in this place as a percentage of kills in the entire game.
 B = Kills by you in this place as a percentage of kills by you in the entire game.
 C = Kills by friends in this place as a percentage of kills by friends in the entire game.
 D = Other kills in this place as a percentage of other kills in the entire game.
 E = Experience gained in this place as a percentage of experience gained in the entire game.
 F = Experience gained in this place divided by the number of levels of this place that you have seen.
                   A       B       C       D       E      F
               +-------+-------+-------+-------+-------+----------------------
         Total | 100.0 | 100.0 |   N/A |   N/A | 100.0 |  32.0
       Dungeon | 100.0 | 100.0 |   N/A |   N/A | 100.0 |  32.0
               +-------+-------+-------+-------+-------+----------------------

Table legend: (Time is in decaauts)
 A = Elapsed time spent in this place.
 B = Non-inter-level travel time spent in this place.
 C = Inter-level travel time spent in this place.
 D = Time resting spent in this place.
 E = Time spent auto-exploring this place.
 F = Levels seen in this place.
 G = Mean time per level.
                   A        B        C        D        E       F      G
               +--------+--------+--------+--------+--------+-----+--------+
         Total |   1050 |   1013 |     37 |      0 |    804 |   2 |  525.0 |
       Dungeon |   1050 |   1013 |     37 |      0 |    804 |   2 |  525.0 |
               +--------+--------+--------+--------+--------+-----+--------+

Top non-repeatable levels by time:
     D:1: 782 daAuts
     D:2: 268 daAuts
